 Dungeon Crawl Stone Soup version 0.19.0-11-g3fc08b3 (webtiles) character file.

2940 Jarno the Cudgeler (level 9, 0/55 HPs)
             Began as a Gargoyle Hunter on Nov 10, 2016.
             Was a Believer of Zin.
             Slain by a killer bee (3 damage)
             ... on level 7 of the Dungeon.
             The game lasted 00:26:37 (8275 turns).

Jarno the Cudgeler (Gargoyle Hunter)                Turns: 8275, Time: 00:26:38

Health: 0/55       AC: 18    Str: 17    XL:     9   Next: 80%
Magic:  13/13      EV: 11    Int: 13    God:    Zin [**....]
Gold:   134        SH:  0    Dex: 11    Spells: 0 memorised, 8 levels left

rFire  . . .     SeeInvis .     a - +0 morningstar
rCold  + . .     Gourm    .     K - +0 scale mail
rNeg   + + .     Faith    .     (no shield)
rPois  ∞         Spirit   .     c - +0 helmet
rElec  +         Reflect  .     i - +0 cloak
rCorr  .         Harm     .     y - +0 pair of gloves
MR     .....                    B - +0 pair of boots
Stlth  ..........               (no amulet)
                                H - ring of positive energy
                                A - ring of protection from cold

@: no status effects
A: negative energy resistance 1, electricity resistance, unbreathing,
petrification resistance, rot immunity, AC +5
a: Recite, Vitalisation, Donate Gold, Renounce Religion


You were on level 7 of the Dungeon.
You worshipped Zin.
Zin was pleased with you.
You were hungry.

You visited 1 branch of the dungeon, and saw 7 of its levels.

You collected 257 gold pieces.
You donated 123 gold pieces to Zin.

Inventory:

Hand Weapons
 a - a +0 morningstar (weapon)
 b - a +1 hand crossbow
 m - a +0 short sword
 E - a +0 mace
 J - a +1 whip of flaming
Missiles
 d - 23 bolts
 j - 116 stones (quivered)
 t - 51 poisoned needles
Armour
 c - a +0 helmet (worn)
 i - a +0 cloak (worn)
 x - a +0 ring mail
 y - a +0 pair of gloves (worn)
 B - a +0 pair of boots (worn)
 K - a +0 scale mail (worn)
Jewellery
 A - a ring of protection from cold (left hand)
 H - a ring of positive energy (right hand)
Wands
 u - a wand of lightning (0/15)
 G - a wand of lightning (0/15)
Scrolls
 k - 2 scrolls of blinking
 l - a scroll of magic mapping {unknown}
 o - a scroll of fear
 p - a scroll of enchant armour {unknown}
 q - a scroll of amnesia {unknown}
 r - 3 scrolls of remove curse
 w - a scroll of identify
Potions
 e - 2 potions of curing
 g - a potion of haste
 h - 2 potions of might
 s - a potion of magic {unknown}
 v - a potion of flight {unknown}
 z - a potion of heal wounds {unknown}
 D - a potion of cancellation {unknown}
 F - a potion of brilliance {unknown}
Comestibles
 f - 7 bread rations
 n - a meat ration
 C - a beef jerky


   Skills:
 + Level 5.9 Fighting
 + Level 7.1 Maces & Flails
 + Level 5.1 Crossbows
 + Level 6.0 Armour
 + Level 4.4 Dodging
 - Level 1.1 Stealth
 * Level 5.7 Invocations
 + Level 0.3 Evocations


You had 8 spell levels left.
You didn't know any spells.

Dungeon Overview and Level Annotations

Branches:
Dungeon (7/15)             Temple (0/1) D:5

Altars:
Elyvilon
Makhleb
Qazlal
Xom
Zin


Innate Abilities, Weirdness & Mutations

You are resistant to torment.
Your stone body is resilient. (AC +5)
You are immune to poison.
You resist negative energy. (rN+)
You are resistant to electric shocks. (rElec)
You can survive without breathing.
You are immune to petrification.
You are immune to rotting.


Message History

The killer bee stings you but does no damage.
You hit the killer bee but do no damage.
The killer bee is moderately wounded.
The killer bee stings you but does no damage.
The killer bee barely misses you. x2
You hit the killer bee.
The killer bee is severely wounded.
The killer bee stings you but does no damage.
The killer bee barely misses you.
You miss the killer bee.
The killer bee is severely wounded.
The killer bee stings you.
* * * LOW HITPOINT WARNING * * *
The killer bee barely misses you.
You barely miss the killer bee.
The killer bee is severely wounded.
The killer bee stings you.
* * * LOW HITPOINT WARNING * * *
The killer bee stings you.
You die...

## ##.........#
#.........Pzy .#
#........##
#..........Py .##
##.......#
#....(.....n# ..#
#.......# #...........#
..# ##......##
#............ ..#
#....#..# ......#.....
### ##..###.##
....###.... # #..# #..#
# ##... # #### ##@#
#... # #y## .... #
#######†####### .... #
###.............. ## ##
#......y.)#......
#⌠#⌠###
#.....>......###.
§§≈≈≈≈####...........#
..§..≈⌠###............#
.._..≈###.............#


You could see a killer bee.

Vanquished Creatures
  Pikel (D:5)
  Sigmund (D:6)
  The ghost of KuKumber the Sneak, an amateur KoAs (D:3)
  An orc warrior (D:6)
  2 necrophages
  2 phantoms
  2 sky beasts
  6 ogres
  A bullfrog (D:7)
  2 killer bees (D:7)
  4 crimson imps
  A bullfrog zombie (D:5)
  2 centaur skeletons (D:4)
  2 hounds
  6 orc wizards
  3 orc priests
  3 worker ants
  An iguana (D:7)
  A killer bee zombie (D:5)
  Robin (D:3)
  13 adders
  An adder zombie (D:7)
  2 worms (D:2)
  3 dart slugs
  9 leopard geckos
  18 orcs
  2 ball pythons
  6 giant cockroaches
  21 goblins
  15 hobgoblins
  4 jackals
  3 quokkas
  9 bats
  4 frilled lizards
  A jackal zombie (D:7)
  4 kobolds
  A leopard gecko skeleton (D:7)
  A quokka skeleton (D:5)
  9 rats
169 creatures vanquished.

Vanquished Creatures (others)
  A slave (D:5)
  An ice beast (D:5)
  A centaur zombie (D:5)
  A leopard gecko (D:5)
  A giant cockroach (D:5)
  6 goblins (D:5)
  A frilled lizard (D:1)
  A kobold (D:1)
13 creatures vanquished.

Grand Total: 182 creatures vanquished

Notes
Turn   | Place    | Note
-------+----------+-------------------------------------------
     0 | D:1      | Jarno the Gargoyle Hunter began the quest for the Orb.
     0 | D:1      | Reached XP level 1. HP: 12/12 MP: 1/1
   281 | D:1      | Reached XP level 2. HP: 15/18 MP: 2/2
   709 | D:1      | Reached skill level 1 in Armour
   709 | D:1      | Reached XP level 3. HP: 19/22 MP: 3/3
  1157 | D:2      | Found a stormy altar of Qazlal.
  1308 | D:2      | Reached XP level 4. HP: 28/28 MP: 4/4
  1349 | D:2      | Reached skill level 1 in Maces & Flails
  1682 | D:2      | Found a glowing silver altar of Zin.
  1919 | D:2      | Became a worshipper of Zin the Law-Giver
  1919 | D:2      | Reached * piety under Zin
  2158 | D:3      | Reached skill level 2 in Maces & Flails
  2177 | D:3      | Noticed a sky beast
  2196 | D:3      | Reached XP level 5. HP: 24/32 MP: 5/5
  2215 | D:3      | Killed a sky beast
  2215 | D:3      | Reached skill level 3 in Maces & Flails
  2215 | D:3      | Reached skill level 1 in Invocations
  2215 | D:3      | Reached XP level 6. HP: 21/37 MP: 6/6
  2453 | D:3      | Noticed KuKumber's ghost (amateur KoAs)
  2489 | D:3      | Killed KuKumber's ghost
  2766 | D:3      | Noticed Robin
  2851 | D:3      | Killed Robin
  3043 | D:3      | Found a white marble altar of Elyvilon.
  3266 | D:4      | Reached XP level 7. HP: 19/43 MP: 8/8
  3559 | D:4      | Reached skill level 4 in Maces & Flails
  3767 | D:4      | Reached ** piety under Zin
  3938 | D:5      | Entered Level 5 of the Dungeon
  3938 | D:5      | Found a staircase to the Ecumenical Temple.
  4224 | D:5      | Reached XP level 8. HP: 47/48 MP: 10/10
  4245 | D:5      | Noticed Pikel
  4274 | D:5      | Killed Pikel
  4274 | D:5      | Reached skill level 5 in Maces & Flails
  4365 | D:5      | Reached skill level 5 in Fighting
  4375 | D:5      | Reached skill level 6 in Maces & Flails
  5218 | D:5      | Found a shimmering altar of Xom.
  5522 | D:6      | Noticed Sigmund
  5682 | D:5      | Reached XP level 9. HP: 33/54 MP: 12/12
  6374 | D:6      | Reached skill level 5 in Armour
  6977 | D:6      | Killed Sigmund
  6977 | D:6      | Reached skill level 5 in Crossbows
  6977 | D:6      | Reached skill level 5 in Invocations
  7216 | D:7      | Donated 98 gold pieces to Zin
  7743 | D:7      | Found a burning altar of Makhleb.
  7915 | D:7      | Reached skill level 7 in Maces & Flails
  8275 | D:7      | Slain by a killer bee

Skill      XL: |  1  2  3  4  5  6  7  8  9 |
---------------+----------------------------+-----
Armour         | 1 2 3 4 6 |  6.0
Fighting       | 3 4 5 |  5.9
Maces & Flails | 2 3 4 6 7 |  7.1
Dodging        | 2 3 4 |  4.4
Invocations    | 1 2 3 4 5 |  5.7
Crossbows      | 5 |  5.1
Stealth        | |  1.1
Evocations     | |  0.3

Action                   |  1- 3 |  4- 6 |  7- 9 || total
-------------------------+-------+-------+-------++-------
Melee: Short sword       |    68 |       |       ||    68
       Mace              |    49 |   202 |    94 ||   345
       Whip              |       |       |   229 ||   229
       Morningstar       |       |       |   145 ||   145
 Fire: Hand crossbow     |    13 |    41 |    68 ||   122
Invok: Recite            |       |     1 |     6 ||     7
       Donate Gold       |       |       |     1 ||     1
Evoke: Wand              |       |       |     5 ||     5
  Use: Scroll            |       |       |    11 ||    11
       Potion            |       |       |     3 ||     3
 Stab: Sleeping          |     3 |     2 |       ||     5
       Distracted        |       |     1 |       ||     1
  Eat: Chunk             |     1 |     7 |     6 ||    14
       Beef jerky        |       |       |     2 ||     2
       Meat ration       |       |       |     1 ||     1
       Royal jelly       |       |       |     1 ||     1
Armor: Leather armour    |    47 |    46 |       ||    93
       Ring mail         |       |    62 |   165 ||   227
       Scale mail        |       |       |   123 ||   123
Dodge: Dodged            |    89 |   168 |   343 ||   600
